Map: Disco Bloodbath LE

Players

MCanning

  • Race: Protoss Protoss
  • Spawn Location: 3:00

Semper - Winner!

  • Race: Terran Terran
  • Spawn Location: 9:00

VOD

Have the link to the VOD?

Description

Time

  • Played on: Sept. 6, 2019, 4:08 p.m.
  • Length: 8:48
Show
View Real Time Build Order
Export as new Build Order

MCanning Protoss 

Build Orders: 1 Gate Expand, Colossus Rush 

Get SALT Encoding   

  12  0:00  Probe  
  13  0:12  Probe  
  14  0:17  Pylon  
  14  0:24  Probe  
  15  0:33  Probe  
  15  0:38  Gateway  
  15  0:41  Probe  
  16  0:47  Assimilator  
  17  0:51  Probe  
  18  1:03  Probe  
  19  1:15  Probe  
  20  1:25  Cybernetics Core  
  20  1:27  Probe  
  21  1:37  Nexus  
  21  1:43  Assimilator  
  21  1:45  Probe  
  22  1:52  Pylon  
  22  1:57  Probe  
  23  2:01  Adept  
  23  2:06  Probe  
  23  2:07  Warp Gate  
  23  2:14  Probe  
  27  2:25  Probe  
  27  2:32  Sentry  
  29  2:37  Probe  
  29  2:38  Pylon  
  30  2:45  Probe  
  30  2:50  Probe  
  32  2:53  Probe, Robotics Facility  
  33  2:59  Stalker  
  33  3:02  Probe  
  33  3:03  Probe  
  37  3:14  Probe  
  37  3:16  Gateway, Probe  
  39  3:21  Gateway  
  39  3:26  Probe  
  40  3:28  Probe  
  41  3:36  Probe  
  41  3:38  Probe  
  43  3:43  Robotics Bay  
  43  3:44  Probe, Assimilator  
  43  3:46  Observer  
  45  3:48  Assimilator  
  45  3:49  Pylon  
  45  3:50  Probe  
  46  3:57  Immortal  
  46  4:02  Shield Battery, Probe  
  48  4:09  Shield Battery  
  51  4:15  Gateway, Stalker  
  53  4:21  Adept  
  49  4:27  Adept  
  49  4:28  Probe x2  
  47  4:41  Probe  
  47  4:43  Probe  
  47  4:46  Stalker  
  47  4:52  Probe  
  50  4:53  Probe  
  52  5:01  Probe  
  52  5:02  Probe  
  52  5:04  Stalker  
  56  5:09  Probe  
  56  5:14  Probe  
  57  5:22  Stalker  
  57  5:23  Stalker  
  62  5:30  Pylon  
  61  5:37  Extended Thermal Lance  
  61  5:38  Probe  
  62  5:48  Probe  
  62  5:49  Nexus  
  63  5:51  Probe  
  63  5:53  Colossus  
  70  6:04  Observer  
  70  6:12  Pylon  
  70  6:20  Forge  
  70  6:24  Twilight Council  
  70  6:28  Probe  
  70  6:30  Probe  
  72  6:33  Sentry  
  72  6:36  Probe  
  74  6:42  Probe  
  74  6:44  Probe  
  76  6:49  Observer  
  76  6:50  Pylon  
  76  6:51  Colossus  
  76  6:53  Gateway, Probe  
  77  6:58  Probe  
  77  7:01  Observer  
  85  7:02  Probe x2  
  87  7:18  Probe  
  87  7:20  Probe, Sentry  
  87  7:21  Shield Battery  
  91  7:24  Stalker  
  91  7:27  Zealot  
  91  7:29  Stalker  
  97  7:42  Disruptor  
  91  7:47  Stalker x3  
  86  7:52  Probe  
  86  7:53  Probe  
  77  7:59  Stalker x2  
  77  8:03  Probe  
  81  8:07  Probe  
  81  8:09  Probe  
  82  8:13  Adept x2  
  82  8:18  Probe  
  87  8:20  Probe  
  79  8:27  Adept x3  
  79  8:33  Probe x3  
Show
View Real Time Build Order
Export as new Build Order

Semper Terran - Winner!

Build Orders: Liberator Opening, Reaper Expand 

Get SALT Encoding   

  12  0:00  SCV  
  13  0:12  SCV  
  14  0:17  Supply Depot  
  14  0:25  SCV  
  15  0:38  SCV  
  15  0:40  Barracks  
  16  0:43  Refinery  
  16  0:50  SCV  
  17  1:03  SCV  
  18  1:15  SCV  
  19  1:27  Orbital Command, Reaper  
  20  1:41  Command Center  
  20  1:50  Supply Depot  
  20  1:53  SCV  
  21  1:59  Marine  
  22  2:06  Factory  
  22  2:09  SCV  
  23  2:16  Bunker  
  23  2:21  Barracks Reactor  
  23  2:24  Refinery  
  23  2:29  SCV  
  24  2:42  SCV  
  25  2:53  Starport  
  25  2:55  Orbital Command  
  25  2:56  SCV  
  26  3:03  Barracks Tech Lab  
  26  3:04  Hellion  
  28  3:06  Hellion  
  28  3:10  SCV  
  31  3:22  SCV x2  
  31  3:26  Hellion  
  35  3:27  Hellion  
  37  3:34  SCV  
  37  3:35  SCV  
  37  3:38  Supply Depot  
  37  3:39  Medivac  
  40  3:46  SCV  
  41  3:52  SCV  
  42  3:55  Liberator  
  42  3:56  Siege Tank, Marine  
  42  3:59  SCV, Marine  
  42  4:00  Supply Depot  
  48  4:04  SCV  
  49  4:10  Barracks  
  49  4:14  Marine  
  49  4:15  SCV  
  54  4:27  Barracks  
  54  4:30  Engineering Bay  
  54  4:33  SCV x2  
  54  4:36  Refinery  
  52  4:47  Marine x2  
  52  4:48  SCV  
  52  4:50  SCV  
  56  4:52  Supply Depot  
  56  4:53  Siege Tank  
  56  4:58  Terran Infantry Weapons Level 1  
  56  4:59  Barracks Tech Lab  
  59  5:00  SCV  
  59  5:02  Missile Turret  
  59  5:05  SCV  
  61  5:08  Supply Depot  
  56  5:14  SCV  
  56  5:17  Marine x2  
  56  5:20  SCV  
  59  5:22  Stimpack  
  59  5:23  Marauder  
  59  5:26  Refinery, SCV  
  62  5:32  SCV  
  62  5:35  Supply Depot  
  63  5:36  Marine  
  63  5:37  Marauder  
  63  5:39  Factory Reactor  
  63  5:41  Combat Shield  
  66  5:45  Marauder  
  66  5:48  Supply Depot  
  68  5:53  Command Center  
  68  5:56  SCV, Marine x2  
  71  5:58  Marauder  
  73  6:07  Supply Depot, Marauder  
  73  6:08  Supply Depot  
  75  6:13  Marine  
  75  6:14  Marine  
  77  6:22  Factory Reactor, SCV x2  
  77  6:23  Barracks x2  
  79  6:27  Marine  
  79  6:28  Marine  
  81  6:34  SCV x2  
  81  6:35  Medivac x2  
  87  6:44  Marine  
  87  6:45  Marauder  
  87  6:46  Marauder, SCV x2  
  94  6:52  Terran Infantry Armor Level 1  
  94  6:53  Supply Depot  
  94  6:58  SCV x2  
  96  7:02  Marine x2  
  96  7:07  Marauder, Orbital Command  
  100  7:12  Concussive Shells  
  100  7:14  Medivac x2  
  104  7:18  SCV x2  
  105  7:25  Barracks Reactor, Marine, Marauder  
  105  7:27  Barracks Tech Lab  
  108  7:30  SCV  
  108  7:31  SCV  
  108  7:33  Orbital Command  
  106  7:48  Marine, SCV  
  106  7:49  Marauder, Marine  
  108  7:54  Marauder, Marine  
  108  7:55  Medivac x2  
  108  7:57  SCV  
  112  7:58  Starport  
  112  8:02  SCV x2  
  114  8:15  Marine x4  
  114  8:16  Marauder  
  114  8:19  SCV  
  120  8:22  SCV  
  133  8:46  Refinery  
  133  8:47  Refinery  
Tags
 
Add a new tag
Caveats
  • Supply blocks, unpowered buildings, or Contaminate may cause inaccurate times.
  • Supply counts are checked every 10 seconds.